 Dungeon Crawl Stone Soup version 0.18.1-50-g88ac8fd (webtiles) character file.

1784 Inkary the Cleaver (level 9, -8/66 HPs)
             Began as a Formicid Fighter on Sept 16, 2016.
             Was a Believer of the Shining One.
             Mangled by an orc warrior
             ... wielding a +0 morningstar
              (20 damage)
             ... on level 6 of the Dungeon on Sept 17, 2016.
             The game lasted 00:11:39 (5964 turns).

Inkary the Cleaver (Formicid Fighter)               Turns: 5964, Time: 00:11:40

Health: -8/66      AC:  7    Str: 21    XL:     9   Next: 29%
Magic:  9/9        EV:  8    Int:  9    God:    the Shining One [**....]
Gold:   214        SH: 10    Dex: 12    Spells: 0 memorised, 8 levels left

rFire  . . .     SeeInvis +     a - +0 war axe
rCold  . . .     Gourm    .     b - +0 scale mail
rNeg   + . .     Faith    .     c - +0 shield
rPois  .         Spirit   .     (helmet unavailable)
rElec  .         Dismiss  .     (no cloak)
rCorr  .         Reflect  .     (no gloves)
SustAt .         Harm     .     (no boots)
MR     .....                    (no amulet)
Stlth  ..........               (no ring)
                                (no ring)

@: glowing, not resistant to hostile enchantments, extremely unstealthy
A: permanent stasis, dig shafts and tunnels, four strong arms, antennae 3
a: Dig, Shaft Self, Divine Shield, Renounce Religion


You were on level 6 of the Dungeon.
You worshipped the Shining One.
The Shining One was pleased with you.
You were very hungry.

You visited 1 branch of the dungeon, and saw 7 of its levels.

You collected 214 gold pieces.

Inventory:

Hand Weapons
 a - a +0 war axe (weapon)
Armour
 b - a +0 scale mail (worn)
 c - a +0 shield (worn)
 E - a +3 leather armour
Jewellery
 D - a cursed amulet of inaccuracy {unknown}
Wands
 s - a wand of lightning (7/15)
 y - a wand of paralysis (11/24)
 A - a wand of enslavement (11/24)
 F - a wand of iceblast (4/15)
 G - a wand of flame (33/48)
Scrolls
 e - 7 scrolls of identify {unknown}
 h - 3 scrolls of remove curse {unknown}
 i - 8 scrolls of teleportation {unknown}
 k - 3 scrolls of magic mapping {unknown}
 l - 3 scrolls of fog {unknown}
 o - 3 scrolls of noise {unknown}
 r - 3 scrolls of random uselessness {unknown}
 t - a scroll of recharging {unknown}
 w - 2 scrolls of immolation {unknown}
 x - 2 scrolls of fear {unknown}
 C - 2 scrolls of enchant armour {unknown}
Potions
 d - 2 potions of might
 g - a potion of berserk rage {unknown}
 j - 5 potions of curing
 m - 2 potions of haste {unknown}
 p - a potion of heal wounds {unknown}
 q - a potion of ambrosia {unknown}
 z - a potion of cancellation {unknown}
 B - 2 potions of brilliance {unknown}
Books
 u - a Grand Grimoire

   Spells                             Type                      Level
   a - Monstrous Menagerie            Summoning                    7
   b - Summon Greater Demon           Summoning                    7
   c - Malign Gateway                 Summoning/Translocation      7
   d - Summon Horrible Things         Summoning                    8
Comestibles
 f - 2 bread rations
 n - 3 meat rations
 v - a slice of pizza


   Skills:
 + Level 4.6 Fighting
 + Level 10.3 Axes
 + Level 4.5 Armour
 + Level 5.0 Shields


You had 8 spell levels left.
You didn't know any spells.

Dungeon Overview and Level Annotations

Branches:
Dungeon (7/15)
 Temple: D:4-7

Altars:
Ashenzari
Dithmenos
Elyvilon
Gozag
Kikubaaqudgha
Makhleb
Pakellas
Ru
Xom
The Shining One

Annotations:
D:6 nikopol's ghost, novice GrBe


Innate Abilities, Weirdness & Mutations

You are under a permanent stasis effect.
You can dig through walls and to a lower floor.
Your four strong arms can wield two-handed weapons with a shield.
You have a pair of large antennae on your head (SInv).


Message History

The orc warrior is moderately wounded.
The orc warrior hits you with a morningstar.
* * * LOW HITPOINT WARNING * * *
You hit the orc warrior but do no damage.
The orc warrior is moderately wounded.
The orc warrior hits you with a morningstar!
* * * LOW HITPOINT WARNING * * *
Your scale mail prevents you from hitting the orc warrior.
The orc warrior is moderately wounded.
The orc warrior barely misses you.
Drink which item? (? for menu, Esc to quit)
It was a potion of curing.
You feel better.
You hit the orc warrior but do no damage.
The orc warrior is moderately wounded.
You block the orc warrior's attack.
Drink which item? (? for menu, Esc to quit)
Okay, then.
You fail to use your ability.
The orc warrior hits you with a morningstar!!
You die...

..'.......'^......#....#.........
..#.......#.......#<...#.........
..#.......#.......#....#.........
..#.......#.......#....#.........
..#.......######################.
####....................... ###.
...#.........................'...
...#.........................#...
##'#............@)...........##'#
...#....########o)..#####........
...#....# #....# #........
...#....# #....# #........
...#....# #....# #........
#'##....## #....#####>.......
.........# ### ###.)).........###
.........# ... #....{.......#
.........#... #....{..o....#


You could see an orc warrior.

Vanquished Creatures
  Edmund (D:6)
  2 phantoms (D:4)
  2 ogres (D:4)
  A centaur (D:5)
  3 scorpions
  A wyvern skeleton (D:6)
  5 wights (D:6)
  2 crimson imps
  A wasp zombie (D:5)
  2 jellies
  3 hounds
  A giant frog skeleton (D:5)
  2 orc priests
  A centaur skeleton (D:6)
  4 orc wizards
  5 worker ants
  A howler monkey skeleton (D:6)
  4 gnolls (D:3)
  9 adders
  2 shadow imps
  An ooze (D:3)
  An adder zombie (D:7)
  2 worms (D:3)
  2 dart slugs
  2 giant geckos
  14 orcs
  12 bats
  3 giant cockroaches
  8 goblins
  8 hobgoblins
  13 jackals
  6 kobolds
  7 quokkas
  A giant gecko skeleton (D:4)
  4 giant newts
  6 rats
142 creatures vanquished.

Vanquished Creatures (others)
  A hippogriff (D:7)
  A hound (D:6)
  An orc priest (D:6)
  A worker ant (D:6)
  An adder (D:6)
  2 orcs (D:6)
  A jackal (D:6)
8 creatures vanquished.

Grand Total: 150 creatures vanquished

Notes
Turn   | Place    | Note
--------------------------------------------------------------
     0 | D:1      | Inkary the Formicid Fighter began the quest for the Orb.
     0 | D:1      | Reached XP level 1. HP: 18/18 MP: 1/1
   114 | D:1      | Reached XP level 2. HP: 17/24 MP: 2/2
   144 | D:1      | Found a glowing golden altar of the Shining One.
   331 | D:1      | Reached skill level 3 in Axes
   719 | D:1      | Became a worshipper of the Shining One
   779 | D:2      | Reached XP level 3. HP: 29/29 MP: 3/3
  1249 | D:2      | Reached XP level 4. HP: 35/35 MP: 4/4
  1263 | D:2      | Reached skill level 4 in Axes
  1275 | D:2      | Found a shattered altar of Ashenzari.
  1372 | D:2      | Found a sacrificial altar of Ru.
  1558 | D:3      | Found an opulent altar of Gozag.
  1771 | D:3      | Reached XP level 5. HP: 40/41 MP: 5/5
  1856 | D:3      | Reached skill level 5 in Axes
  2544 | D:3      | Found a shadowy altar of Dithmenos.
  2628 | D:4      | Noticed an ogre
  2801 | D:3      | Reached XP level 6. HP: 38/47 MP: 6/6
  2871 | D:4      | Killed an ogre
  2871 | D:4      | Reached skill level 6 in Axes
  2950 | D:4      | Reached * piety under the Shining One
  3024 | D:4      | Noticed an ogre
  3033 | D:4      | Killed an ogre
  3033 | D:4      | Reached skill level 7 in Axes
  3033 | D:4      | Reached XP level 7. HP: 19/52 MP: 7/7
  3228 | D:4      | Found a white marble altar of Elyvilon.
  3457 | D:4      | Reached skill level 8 in Axes
  3844 | D:5      | Entered Level 5 of the Dungeon
  4043 | D:5      | Reached XP level 8. HP: 44/58 MP: 8/8
  4164 | D:5      | Reached skill level 9 in Axes
  4629 | D:6      | Noticed nikopol's ghost (novice GrBe)
  4984 | D:6      | Reached skill level 10 in Axes
  5023 | D:6      | Reached ** piety under the Shining One
  5064 | D:6      | Noticed Edmund
  5108 | D:6      | Killed Edmund
  5401 | D:7      | Reached XP level 9. HP: 56/65 MP: 9/9
  5689 | D:7      | Found a burning altar of Makhleb.
  5729 | D:7      | Found an oddly glowing altar of Pakellas.
  5729 | D:7      | Noticed an orange crystal statue
  5828 | D:6      | Found an ancient bone altar of Kikubaaqudgha.
  5835 | D:6      | Found a shimmering altar of Xom.
  5924 | D:6      | Reached skill level 5 in Shields
  5964 | D:6      | Mangled by an orc warrior

Skill      XL: |  1  2  3  4  5  6  7  8  9 |
---------------+----------------------------+-----
Axes           | 3 4 5 7 8 10 | 10.3
Shields        | 4 5 |  5.0
Fighting       | 4 |  4.6
Armour         | 4 |  4.5

Action                   |  1- 3 |  4- 6 |  7- 9 || total
-------------------------+-------+-------+-------++-------
Melee: War axe           |   125 |   174 |   235 ||   534
Invok: Divine Shield     |       |       |     1 ||     1
  Use: Potion            |       |       |     2 ||     2
  Eat: Chunk             |     1 |     6 |     7 ||    14
       Beef jerky        |       |       |     1 ||     1
Armor: Scale mail        |    66 |    73 |    37 ||   176
Dodge: Dodged            |    40 |    37 |    54 ||   131
Block: Shield            |    80 |    80 |    99 ||   259
